 Dungeon Crawl Stone Soup version 0.32-a0-913-g739538afd8 (webtiles) character file.

Game seed: 10401641485313642365

152140 PhtangPhtang the Marksspriggan (level 16, 0/87 HPs)
             Began as a Spriggan Hunter on Apr 9, 2024.
             Was the Champion of Dithmenos.
             Slain by a spriggan defender simulacrum (40 damage)
             ... on level 4 of the Snake Pit.
             The game lasted 01:40:22 (31220 turns).

PhtangPhtang the Marksspriggan (Spriggan Hunter)   Turns: 31220, Time: 01:40:23

Health: 0/87       AC: 11    Str:  7    XL:     16   Next: 79%
Magic:  25/25      EV: 32    Int: 19    God:    Dithmenos [******]
Gold:   2077       SH:  0    Dex: 33    Spells: 1/15 levels left

rFire   + . .        a - +1 orcbow (drain)
rCold   . . .        (shield currently unavailable)
rNeg    . . .        X - +0 robe "Moekhlock" {Slay+4}
rPois   +            U - +2 hat
rElec   .            A - +2 cloak {rCorr}
rCorr   +            (gloves unavailable)
SInv    +            (boots unavailable)
Will    ++...        I - amulet of Peadawi {Faith rPois}
Stlth   +++++++++    j - ring of Day {rF+ Int+8 Dex+3}
HPRegen 0.34/turn    V - ring of Henosch {AC+4 Dex+4}
MPRegen 0.19/turn

%: faith
@: wreathed by umbra, very quick
A: very small, no large weapons, unfitting armour, see invisible, speed 3, wild
magic 1, MP-powered wands
a: Renounce Religion, Shadow Step, Shadow Form


You were on level 4 of the Snake Pit.
You worshipped Dithmenos.
Dithmenos was exalted by your worship.
You visited 4 branches of the dungeon, and saw 26 of its levels.
You also visited: Gauntlet.

You collected 2639 gold pieces.
You spent 562 gold pieces at shops.

Inventory:

Hand Weapons
 a - a +1 orcbow of draining (weapon)
Missiles
 o - 4 throwing nets
 C - 40 poisoned darts (quivered)
 Y - 5 curare-tipped darts
Armour
 A - a +2 cloak of preservation (worn)
 D - a +1 robe of resistance
 N - a +0 troll leather armour
 U - a +2 hat (worn)
 X - the +0 robe "Moekhlock" (worn) {Slay+4}
   (You bought it in a shop on level 2 of the Orcish Mines)

   Slay+4:    It affects your accuracy & damage with ranged weapons and melee
   (+4).
Magical Staves
 i - the staff of Toydgh {rElec rPois rC- Str-2 Int+9 Alchemy}
   (You found it on level 2 of the Dungeon)

   [staff of alchemy]

   Base accuracy: +5 Base damage: 5 Base attack delay: 1.2 This weapon's minimum
   attack delay (0.6) is reached at skill level 12.
   Str-2:     It affects your strength (-2).
   Int+9:     It affects your intelligence (+9).
   rC-:       It makes you vulnerable to cold.
   rElec:     It insulates you from electricity.
   rPois:     It protects you from poison.
   Alchemy:   It increases the power of your Alchemy spells.
   It falls into the 'Staves' category.
   It is a two-handed weapon.
Jewellery
 j - the ring of Day (left hand) {rF+ Int+8 Dex+3}
   (You found it on level 2 of the Dungeon)

   [ring of protection from fire]

   Int+8:     It affects your intelligence (+8).
   Dex+3:     It affects your dexterity (+3).
   rF+:       It protects you from fire.
 p - a ring of protection from fire
 I - the amulet of Peadawi (around neck) {Faith rPois}
   (You found it on level 8 of the Dungeon)

   [amulet of faith]

   Faith:     It allows you to gain divine favour quickly.
   rPois:     It protects you from poison.
 J - an amulet of regeneration
 L - a ring of protection from cold
 M - a ring of flight
 V - the ring of Henosch (right hand) {AC+4 Dex+4}
   (You found it on level 2 of the Lair of Beasts)

   [ring of protection]

   AC+4:      It affects your AC (+4).
   Dex+4:     It affects your dexterity (+4).
Wands
 q - a wand of iceblast (20)
 u - a wand of light (4)
 R - a wand of digging (9)
 Z - a wand of mindburst (15)
Scrolls
 b - a scroll of butterflies
 f - 3 scrolls of fog
 g - 3 scrolls of blinking
 h - 8 scrolls of teleportation
 n - 3 scrolls of poison
 s - 5 scrolls of enchant armour
 v - 4 scrolls of immolation
 y - 5 scrolls of enchant weapon
 F - a scroll of brand weapon
 H - 3 scrolls of fear
 O - 3 scrolls of vulnerability
 P - a scroll of revelation
Potions
 c - 3 potions of resistance
 d - 4 potions of heal wounds
 e - 2 potions of enlightenment
 l - 3 potions of lignification
 m - 2 potions of ambrosia
 t - 5 potions of haste
 w - 2 potions of berserk rage {unknown}
 x - 3 potions of mutation
 z - 11 potions of curing
 B - a potion of brilliance {unknown}
 G - 3 potions of cancellation
 Q - 2 potions of invisibility {unknown}
 S - 2 potions of attraction
 T - 2 potions of might
Miscellaneous
 k - a box of beasts
 r - a phantom mirror
 E - a Gell's gravitambourine (2/2)
 K - a tin of tremorstones (2/2)
 W - a lightning rod (4/4)


   Skills:
 - Level 11.3 Fighting
 - Level 18.0 Ranged Weapons
 - Level 4.0 Throwing
 - Level 4.0 Armour
 - Level 11.0 Dodging
 - Level 8.0 Stealth
 * Level 2.4 Conjurations
 * Level 9.6 Hexes
 - Level 3.0 Necromancy
 * Level 8.4 Translocations
 - Level 3.0 Air Magic
 * Level 10.8 Alchemy
 * Level 11.2 Invocations
 - Level 4.0 Evocations


You had one spell level left.
You knew the following spells:

 Your Spells              Type           Power      Damage    Failure   Level
a - Apportation           Tloc           82%        N/A       1%          1
b - Scorch                Fire           0%         2d5       38%         2
c - Cigotuvi's Dreadful   Necr/Alch/Air  54%        N/A       5%          2
d - Yara's Violent Unrav  Hex/Alch       25%        3d11      13%         5
e - Iskenderun's Mystic Conj/Tloc 26%            2d7        (+2d3     30%         4

Your spell library contained the following spells:

 Spells                   Type           Power      Damage    Failure   Level
 Sting                    Conj/Alch      100%       1d9       2%          1
 Shock                    Conj/Air       52%        1d6       11%         1
 Jinxbite                 Hex            94%        N/A       1%          2
 Sigil of Binding         Hex            47%        N/A       2%          3
 Mercury Vapours          Alch/Air       68%        N/A       3%          2
 Olgreb's Toxic Radiance  Alch           52%        N/A       4%          4
 Cause Fear               Hex            23%        N/A       7%          4
 Dimensional Bullseye     Hex/Tloc       22%        N/A       8%          4
 Mephitic Cloud           Conj/Alch/Air  26%        N/A       11%         3
 Alistair's Intoxication  Alch           34%        N/A       11%         5
 Volatile Blastmotes      Fire/Tloc      40%        2d13      16%         3
 Searing Ray              Conj           24%        2d5       17%         2
 Fulminant Prism          Conj/Alch      16%        3d10      21%         4
 Fugue of the Fallen      Necr           14%        N/A       26%         3
 Swiftness                Air            14%        N/A       26%         3
 Call Canine Familiar     Summ           0%         N/A       61%         3
 Summon Ice Beast         Ice/Summ       0%         N/A       61%         3
 Airstrike                Air            7%         2d(1-17)  61%         4
 Dispel Undead            Necr           14%        3d10      61%         4
 Summon Mana Viper        Hex/Summ       23%        N/A       71%         5
 Martyr's Knell           Necr/Summ      7%         N/A       80%         4
 Summon Lightning Spire   Summ/Air       7%         N/A       80%         4
 Flame Wave               Conj/Fire      6%         2d5       83%         4
 Animate Armour           Summ/Erth      0%         N/A       94%         4
 Iskenderun's Battlesphe  Conj           12%        2d7       95%         5
 Freezing Cloud           Conj/Ice/Air   4%         6-21      97%         5
 Borgnjor's Vile Clutch   Necr/Erth      3%         N/A       98%         5
 Fireball                 Conj/Fire      3%         3d4       99%         5
 Enfeeble                 Hex            23%        N/A       99%         7
 Lee's Rapid Deconstruct  Erth           0%         3d4*      100%        5
 Bombard                  Conj/Erth      3%         9d1       100%        6
 Summon Cactus Giant      Summ           0%         N/A       100%        6
 Monstrous Menagerie      Summ           0%         N/A       100%        7
 Spellforged Servitor     Conj/Summ      3%         N/A       100%        7
 Dragon's Call            Summ           0%         N/A       100%        9


Dungeon Overview and Level Annotations

Branches:
Dungeon (15/15)            Temple (0/1) D:5            Lair (5/5) D:8
  Swamp (0/4) Lair:3        Snake (4/4) Lair:3        Slime (0/5) Lair:4
    Orc (2/2) D:10            Elf (0/3) Orc:2        Vaults (0/5) D:13
 Depths (0/4) D:15        Gauntlet (visited)

Altars:
Dithmenos
Nemelex Xobeh
The Shining One
Jiyva
Lugonu

Shops:
D:7 *   D:9 *   D:14 [   Orc:2 [(*=*   Snake:3 *:[

Portals:
Abyss: Lair:5

Annotations:
D:2 Sigmund
D:7 exclusion: downstairs
D:8 exclusion: 2 downstairs, Amaemon
D:12 exclusion: downstairs
D:13 1 runed translucent door
Lair:4 1 runed translucent door
Snake:1 exclusion: downstairs


Innate Abilities, Weirdness & Mutations

You are very small and have problems with some larger weapons.
You are too small for most types of armour.
You have supernaturally acute eyesight. (SInv)
You cover ground extremely quickly. (Speed+++)
Your spells are a little harder to cast, but a little more powerful.
You expend magic power (3 MP) to strengthen your wands.


Message History

The minotaur simulacrum vaporises!
Dithmenos accepts your kill.
You shoot an arrow.
The arrow hits the dire elephant simulacrum.
The dire elephant simulacrum is moderately damaged.
Your shadow shoots an arrow.
The arrow hits the dire elephant simulacrum.
You shoot an arrow.
The arrow hits the dire elephant simulacrum but does no damage.
The dire elephant simulacrum is heavily damaged.
Your shadow shoots an arrow.
The arrow hits the dire elephant simulacrum!
You shoot an arrow.
The arrow hits the dire elephant simulacrum but does no damage.
The dire elephant simulacrum is severely damaged.
Your shadow shoots an arrow.
The arrow hits the dire elephant simulacrum.
You shoot an arrow.
The arrow hits the spriggan defender simulacrum!!
The spriggan defender simulacrum is heavily damaged.
The spriggan defender simulacrum closely misses you.
A naga warrior comes into view.
It is wielding a +1 hand axe of flaming.
You shoot an arrow. The naga warrior shouts!
The arrow hits the dire elephant simulacrum!!
The dire elephant simulacrum vaporises!
Dithmenos accepts your kill.
Your shadow shoots an arrow.
The spriggan defender simulacrum completely misses you.
You shoot an arrow.
The arrow barely misses the spriggan defender simulacrum.
The spriggan defender simulacrum hits you!
The spriggan defender simulacrum freezes you!!
You shoot an arrow.
The arrow hits the spriggan defender simulacrum.
The spriggan defender simulacrum is heavily damaged.
A salamander comes into view. It is wielding a +0 trident.
The spriggan defender simulacrum hits you!
The spriggan defender simulacrum freezes you!!!
You die...

## *,***,,,,,,,,* .#
##.##*,*...∩,,** .#
#...#*,*..,,,,,* .#
#...#*,..,,.,,,** .#
#...#*,.#,..*,,,* .#
#...#*°.#...*,,,* .##
#...##.NN.#,,,,,**
..#
#.......#,*,,,,,,,
..#
#@Z....#*,*,,,,,,,
..##
#####○....#*,*,***,,,
...##
##.........#*,*,*
**** .#..#
#..###....##*,,,*
.##.## ##.## #...##
**,,* .##..# #..#
#.### *,,*** ####.#
#.##**### *,,,,* #
#.# ###.#*,,,,**
*,,,,* # #.#
#...#,,**,,* ***,,,,*


You could see a naga warrior, a salamander and a spriggan defender simulacrum.

Vanquished Creatures
  Kirke (D:13)
  An orc warlord (Orc:1)
  An eleionoma (Lair:3)
  An ettin (D:15)
  Snorg (Lair:4)
  Harold (Orc:1)
  8 hydras
  A vault guard (D:13)
  2 salamander tyrants
  Erica (Orc:1)
  5 boulder beetles
  12 centaur warriors
  8 two-headed ogres
  A catoblepas (Lair:3)
  6 anacondas
  An ogre mage (D:13)
  2 death knights (D:13)
  8 death yaks
  2 tengu warriors (D:15)
  3 thrashing horrors (Lair:5)
  2 orc high priests (Orc:2)
  Urug (D:10)
  A soul eater (Gauntlet)
  2 shock serpents
  11 naga sharpshooters
  4 naga warriors
  3 skysharks
  A salamander mystic (Snake:4)
  A deep troll (D:15)
  3 skeletal warriors
  A large abomination (Lair:5)
  An arcanist (D:13)
  6 mana vipers
  4 naga ritualists
  An obsidian bat (Orc:1)
  3 orc knights
  3 deep elf pyromancers
  2 wolf spiders
  A necromancer (D:15)
  An orc sorcerer (Orc:2)
  9 ugly things
  3 manticores
  Maurice (Orc:1)
  2 elephants
  9 salamanders
  2 smoke demons (Lair:5)
  4 cyclopes (D:13)
  2 guardian serpents
  35 black mambas
  An orange demon (Lair:1)
  11 cane toads
  15 naga magi
  A gargoyle (D:12)
  5 komodo dragons
  9 kobold demonologists
  8 rime drakes
  A freezing wraith (D:15)
  A tengu conjurer (D:13)
  2 yaktaurs (D:13)
  3 polar bears
  6 trolls
  A tarantella (shapeshifter) (D:11)
  2 hornets
  A hornet (shapeshifter) (D:13)
  10 dream sheep
  A raiju (Lair:5)
  26 blink frogs
  12 slime creatures
  9 small abominations (Lair:5)
  2 ynoxinuls (Lair:5)
  37 yaks
  A water elemental (D:13)
  2 centaur simulacra (D:13)
  3 shadows
  A dire elephant simulacrum (Snake:4)
  A spriggan (shapeshifter) (D:14)
  2 wraiths
  5 wyverns
  A golden eye (shapeshifter) (Lair:5)
  3 hogs
  2 minotaur simulacra (Snake:4)
  7 basilisks
  A chaos spawn (Lair:5)
  2 wargs (Orc:2)
  9 vampire mosquitoes
  3 redbacks (D:15)
  2 acid dragons
  33 nagas
  10 water moccasins
  19 orc warriors
  2 black bears
  A sky beast (D:7)
  8 ice beasts
  7 ogres
  A laughing skull (D:14)
  A boggart (D:14)
  15 wolves
  10 centaurs
  A phantom (D:6)
  9 kobold brigands
  18 bullfrogs
  2 gnoll sergeants
  2 scorpions
  4 wights (D:6)
  7 killer bees
  A bombardier beetle (D:5)
  6 electric eels
  2 howler monkeys (D:9)
  4 hounds
  A gnoll bouda (D:4)
  2 jellies
  7 orc priests
  Crazy Yiuf (D:2)
  3 iguanas
  7 orc wizards
  12 hell rats
  23 gnolls
  5 adders
  4 shadow imps
  2 white imps
  2 ufetubi
  2 ribbon worms
  4 dart slugs
  32 orcs
  5 bats
  6 endoplasms
  6 goblins
  9 hobgoblins
  11 jackals
  36 kobolds
  6 quokkas
  11 ball pythons
  A frilled lizard (D:1)
  7 rats
762 creatures vanquished.

Vanquished Creatures (others)
  An orc wizard (D:7)
1 creature vanquished.

Grand Total: 763 creatures vanquished

Notes
Turn   | Place    | Note
-------+----------+-------------------------------------------
     0 | D:1      | PhtangPhtang the Spriggan Hunter began the quest for the
                  | Orb.
     0 | D:1      | Reached XP level 1. HP: 10/10 MP: 2/2
   110 | D:1      | Reached XP level 2. HP: 14/14 MP: 3/3
   281 | D:1      | Reached XP level 3. HP: 18/18 MP: 4/4
   475 | D:2      | Identified the staff of Toydgh {rElec rPois rC- Str-2 Int+9
                  | Alchemy}
   482 | D:2      | Reached skill level 5 in Ranged Weapons
   568 | D:2      | Noticed Sigmund
   612 | D:2      | Identified the ring of Day {rF+ Int+8 Dex+3}
   805 | D:2      | You fall into a shaft and drop 2 floors!
   881 | D:4      | Reached XP level 4. HP: 23/23 MP: 5/5
  1029 | D:3      | Found a shadowy altar of Dithmenos.
  1029 | D:3      | Found a sparkling altar of Nemelex Xobeh.
  1038 | D:3      | Became a worshipper of Dithmenos the Shadowed
  1068 | D:4      | Reached skill level 6 in Ranged Weapons
  1196 | D:4      | Noticed an ogre
  1228 | D:4      | Killed an ogre
  1229 | D:4      | Reached XP level 5. HP: 26/26 MP: 6/6
  1840 | D:3      | Reached XP level 6. HP: 30/32 MP: 7/7
  1913 | D:3      | Reached * piety under Dithmenos
  2654 | D:2      | Found a runed translucent door.
  2655 | D:2      | Noticed Crazy Yiuf
  2690 | D:2      | Killed Crazy Yiuf
  2691 | D:2      | Reached skill level 7 in Ranged Weapons
  3287 | D:5      | Entered Level 5 of the Dungeon
  4204 | D:4      | Reached skill level 1 in Throwing
  4628 | D:5      | Reached XP level 7. HP: 35/35 MP: 8/8
  4763 | D:5      | Reached ** piety under Dithmenos
  5005 | D:5      | Found a staircase to the Ecumenical Temple.
  5272 | D:6      | Noticed a kobold demonologist
  5282 | D:6      | Killed a kobold demonologist
  5282 | D:6      | Noticed a kobold demonologist
  5283 | D:6      | Reached skill level 8 in Ranged Weapons
  5283 | D:6      | Reached skill level 5 in Stealth
  5283 | D:6      | Reached skill level 1 in Invocations
  5283 | D:6      | Reached skill level 1 in Evocations
  5283 | D:6      | Reached XP level 8. HP: 41/41 MP: 9/9
  5285 | D:6      | Killed a kobold demonologist
  5285 | D:6      | Noticed a kobold demonologist
  5289 | D:6      | Killed a kobold demonologist
  5304 | D:6      | Reached skill level 9 in Ranged Weapons
  6393 | D:6      | Reached XP level 9. HP: 46/46 MP: 12/12
  6968 | D:7      | Reached skill level 5 in Fighting
  7246 | D:7      | Found Zeptitu's General Store.
  7254 | D:7      | Bought a potion of curing for 39 gold pieces
  7254 | D:7      | Bought a scroll of teleportation for 39 gold pieces
  7343 | D:7      | Noticed Maggie
  7344 | D:7      | Maggie changed into Maggie the black bear
  7344 | D:7      | Noticed Maggie
  7373 | D:7      | Killed Maggie the black bear
  7374 | D:7      | Reached skill level 10 in Ranged Weapons
  7435 | D:7      | Learned a level 4 spell: Flame Wave
  8124 | D:8      | Noticed a rime drake
  8610 | D:8      | Noticed a two-headed ogre
  8654 | D:8      | Killed a two-headed ogre
  8655 | D:8      | Reached XP level 10. HP: 45/53 MP: 12/14
  8655 | D:8      | Reached *** piety under Dithmenos
  9089 | D:8      | Identified the amulet of Peadawi {Faith rPois}
  9374 | D:8      | Reached skill level 11 in Ranged Weapons
  9375 | D:8      | Noticed a two-headed ogre
  9401 | D:8      | Killed a two-headed ogre
  9738 | D:8      | Found a staircase to the Lair.
  9844 | D:8      | Reached skill level 5 in Invocations
 10230 | D:8      | Learned a level 2 spell: Scorch
 10292 | D:9      | Found Cakirchan's Overcharged Wands.
 11062 | D:9      | Identified the +9 chain mail of Uskayaw's Esteem {*Slow
                  | rPois Will+ Regen+}
 11110 | D:9      | Reached skill level 12 in Ranged Weapons
 11166 | D:9      | Reached skill level 1 in Armour
 11229 | D:9      | Reached **** piety under Dithmenos
 11241 | D:9      | Reached XP level 11. HP: 58/58 MP: 15/15
 11561 | D:10     | Entered Level 10 of the Dungeon
 11582 | D:10     | Noticed Urug
 11588 | D:10     | Killed Urug
 11939 | D:10     | Found a staircase to the Orcish Mines.
 12132 | D:10     | Reached skill level 5 in Dodging
 12154 | D:10     | Found the +5 robe of Night {Dark Will+ SInv}
 12382 | D:11     | Reached skill level 13 in Ranged Weapons
 12481 | D:11     | Noticed a wolf spider
 12497 | D:11     | Reached ***** piety under Dithmenos
 12504 | D:11     | Killed a wolf spider
 12629 | D:11     | Noticed a boulder beetle
 12648 | D:11     | Killed a boulder beetle
 13034 | D:11     | Identified the +7 broad axe "Rippej" {venom, Will+ Str+2
                  | Int+3}
 13174 | D:12     | Noticed a deep elf pyromancer
 13190 | D:12     | Killed a deep elf pyromancer
 13312 | D:11     | Reached XP level 12. HP: 58/64 MP: 16/16
 13467 | D:12     | Reached skill level 14 in Ranged Weapons
 13626 | D:12     | Noticed a two-headed ogre
 13636 | D:12     | Killed a two-headed ogre
 14175 | D:13     | Learned a level 2 spell: Cigotuvi's Dreadful Rot
 14286 | D:13     | Noticed an eight-headed hydra
 14298 | D:13     | Killed an eight-headed hydra
 14299 | D:13     | Reached skill level 1 in Alchemy
 14334 | D:13     | Reached skill level 1 in Air Magic
 14350 | D:13     | Reached skill level 1 in Necromancy
 14449 | D:13     | Found a glowing golden altar of the Shining One.
 14775 | D:13     | Noticed Kirke
 14886 | Lair:1   | Entered Level 1 of the Lair of Beasts
 14886 | Lair:1   | Noticed Amaemon
 15703 | Lair:1   | Reached skill level 15 in Ranged Weapons
 15798 | Lair:1   | Reached ****** piety under Dithmenos
 16358 | Lair:2   | Found a gate leading to a gauntlet.
 16394 | Lair:2   | Identified the ring of Henosch {AC+4 Dex+4}
 16473 | Lair:2   | Reached XP level 13. HP: 70/70 MP: 18/18
 16513 | Gauntlet | Entered a Gauntlet
 16513 | Gauntlet | Found a transporter.
 16514 | Gauntlet | Found a large runed translucent door.
 16515 | Gauntlet | Found a large runed translucent door.
 16516 | Gauntlet | Found a large runed translucent door.
 16516 | Gauntlet | Found a large runed translucent door.
 16516 | Gauntlet | Found a runed translucent door.
 16517 | Gauntlet | Found a large runed translucent door.
 16518 | Gauntlet | Found a large runed translucent door.
 16519 | Gauntlet | Found a large runed translucent door.
 16519 | Gauntlet | Found a large runed translucent door.
 16520 | Gauntlet | Found a runed translucent gate.
 16520 | Gauntlet | Found a runed translucent gate.
 16522 | Gauntlet | Found a transporter.
 16530 | Gauntlet | Found a runed translucent gate.
 16530 | Gauntlet | Found a runed translucent door.
 16531 | Gauntlet | Found a large runed translucent door.
 16531 | Gauntlet | Found a large runed translucent door.
 16532 | Gauntlet | Found a large runed translucent door.
 16533 | Gauntlet | Found a large runed translucent door.
 16537 | Gauntlet | Found a transporter.
 16541 | Gauntlet | Noticed a balrug
 16542 | Gauntlet | Found a transporter.
 16563 | Gauntlet | Found a transporter.
 16576 | Gauntlet | Found a transporter.
 16588 | Gauntlet | Found a transporter.
 16600 | Gauntlet | Found a transporter.
 16608 | Gauntlet | Noticed a cacodemon
 16612 | Gauntlet | Found a transporter.
 16624 | Gauntlet | Found a transporter.
 16643 | Gauntlet | Found a transporter.
 16658 | Gauntlet | Found a transporter.
 16660 | Gauntlet | Found a transporter.
 16685 | Gauntlet | Found a transporter.
 16687 | Gauntlet | Found a transporter.
 16703 | Gauntlet | Found a large runed translucent door.
 16703 | Gauntlet | Found a large runed translucent door.
 16704 | Gauntlet | Found a large runed translucent door.
 16705 | Gauntlet | Found a large runed translucent door.
 16707 | Gauntlet | Found a transporter.
 16785 | Gauntlet | Found a transporter.
 16805 | Gauntlet | Found a transporter.
 17310 | Gauntlet | Learned a level 1 spell: Apportation
 17314 | Gauntlet | Identified the +0 hat of Slimy Contentment {+Blink rPois
                  | rF- rCorr} (You found it in a Gauntlet)
 17327 | Gauntlet | Gained mutation: You expend magic power (3 MP) to
                  | strengthen your wands. [potion of mutation]
 17327 | Gauntlet | Gained mutation: Your spells are a little harder to cast,
                  | but a little more powerful. [potion of mutation]
 17328 | Gauntlet | Noticed a minotaur
 17365 | Gauntlet | Got the Annotations on the Salvo
 17375 | Lair:2   | Learned a level 5 spell: Yara's Violent Unravelling
 17771 | Lair:3   | Reached skill level 1 in Translocations
 18075 | Lair:3   | Found a staircase to the Swamp.
 18075 | Lair:3   | Noticed an eleionoma
 18082 | Lair:3   | Killed an eleionoma
 18214 | Lair:3   | Found a staircase to the Snake Pit.
 18495 | Lair:3   | Identified the ring "Kuoc Hor" {Fire rPois Str+3}
 18766 | Lair:3   | Reached skill level 16 in Ranged Weapons
 18850 | Lair:3   | Reached skill level 5 in Alchemy
 18990 | Lair:3   | Reached skill level 5 in Translocations
 19159 | Lair:4   | Noticed Snorg
 19181 | Lair:4   | Killed Snorg
 19288 | Lair:4   | Found a runed translucent door.
 19292 | Lair:4   | Found a viscous altar of Jiyva.
 19322 | Lair:4   | Reached skill level 10 in Dodging
 19334 | Lair:4   | Reached XP level 14. HP: 76/76 MP: 20/20
 19779 | Lair:4   | Found a staircase to the Slime Pits.
 19779 | Lair:4   | Noticed an azure jelly
 19780 | Lair:4   | Noticed an azure jelly
 19863 | Lair:5   | Entered Level 5 of the Lair of Beasts
 19915 | Lair:4   | Reached skill level 10 in Fighting
 20891 | Lair:5   | Reached skill level 1 in Hexes
 21210 | Lair:5   | Found a corrupted altar of Lugonu.
 21210 | Lair:5   | Found a one-way gate to the infinite horrors of the Abyss.
 21216 | Lair:5   | Got an earthy gem with 450 turns to spare
 21217 | Lair:5   | Identified the orb of Stained Amelioration {*Rage, Air}
 21509 | Orc:1    | Entered Level 1 of the Orcish Mines
 21529 | Orc:1    | Noticed Maurice
 21542 | Orc:1    | Killed Maurice
 21626 | Orc:1    | Noticed Erica
 21631 | Orc:1    | Killed Erica
 21657 | Orc:1    | Noticed Harold
 21664 | Orc:1    | Killed Harold
 21858 | Orc:2    | Entered Level 2 of the Orcish Mines
 21883 | Orc:2    | Found Tiutt's Assorted Antiques.
 21890 | Orc:2    | Found Pueha's Jewellery Emporium.
 21977 | Orc:2    | Noticed an orc warlord
 22022 | Orc:1    | Killed an orc warlord
 22100 | Orc:2    | Found a staircase to the Elven Halls.
 22130 | Orc:2    | Found Aqink's Antique Weapon Emporium.
 22161 | Orc:2    | Found Gygyapn's Antique Armour Emporium.
 22451 | Orc:2    | Found Xaefoc's General Store.
 22752 | Orc:2    | Bought a tubular cabochon ring for 195 gold pieces
 22752 | Orc:2    | Bought an emerald potion for 35 gold pieces
 22752 | Orc:2    | Bought a spiked robe for 222 gold pieces
 22752 | Orc:2    | Identified the +0 robe "Moekhlock" {Slay+4} (You bought it
                  | in a shop on level 2 of the Orcish Mines)
 23116 | D:13     | Killed Kirke
 23123 | D:13     | Reached XP level 15. HP: 77/83 MP: 22/22
 23375 | D:13     | Reached skill level 5 in Hexes
 23421 | D:13     | Found a gate to the Vaults.
 23559 | D:13     | Found a runed translucent door.
 23560 | D:13     | Found a runed translucent door.
 23676 | D:13     | Found a runed translucent door.
 24012 | D:13     | Found the +8 frozen axe "Frostbite" {freeze, freezing
                  | cloud, *Noise Fly rC+}
 24023 | D:13     | Got the Elucidation of Apparitions and Shadows
 24781 | D:14     | Found Jaumai's Antique Armour Emporium.
 25146 | D:15     | Entered Level 15 of the Dungeon
 25417 | D:15     | Reached skill level 10 in Invocations
 25677 | D:15     | Found a staircase to the Depths.
 26469 | Snake:1  | Entered Level 1 of the Snake Pit
 26947 | Snake:1  | Reached skill level 17 in Ranged Weapons
 26963 | Snake:1  | Reached XP level 16. HP: 87/87 MP: 24/24
 27434 | Snake:1  | Identified the +3 ring mail "Peseraf" {rPois}
 28679 | Snake:2  | Reached skill level 10 in Alchemy
 28816 | Snake:2  | Learned a level 4 spell: Iskenderun's Mystic Blast
 29958 | Snake:3  | Reached skill level 1 in Conjurations
 30119 | Snake:3  | Reached skill level 18 in Ranged Weapons
 30382 | Snake:3  | Found Womu's Antique Armour Emporium.
 30384 | Snake:3  | Found Nigext's Book Shoppe.
 30386 | Snake:3  | Found Ziwylu's General Store.
 30394 | Snake:3  | Bought a scroll of identify for 32 gold pieces
 31003 | Snake:4  | Entered Level 4 of the Snake Pit
 31049 | Snake:4  | Identified the +3 rapier of the Heavens {freeze, Dex+2
                  | Stlth+}
 31220 | Snake:4  | Slain by a spriggan defender simulacrum

Illustrated notes

Levels and vault maps discovered:
D:1:      doesnt_arrival_eight_statues, layout_rooms
D:2:      layout_loops_ring, uniq_sigmund, uniq_crazy_yiuf_cottage
D:3:      layout_basic, nicolae_overflow_hidden_temple,
          minmay_increasing_density
D:4:      layout_cave_pods, chequers_arboretum
D:5:      layout_rooms, minmay_temple_entry_hall
D:6:      layout_basic, skrybe_limestone_x, minmay_misc_feat_columns,
          amcnicky_mini_corridor_feature, grunt_ministairs_9
D:7:      layout_basic, serial_shops, nicolae_shop_stone, kennysheep_diamond,
          uniq_maggie
D:8:      layout_basic, hellmonk_lair_entry_icy, minivault_1,
          minmay_misc_feat_tower
D:9:      layout_roguey, nicolae_shop_overcharged_wands
D:10:     layout_rooms, orc_david_3, chequers_jeans,
          hellmonk_guarded_unrand_night, uniq_urug
D:11:     layout_basic
D:12:     layout_loops_ring
D:13:     minmay_the_grid_triangle_9x9_rhombus_full
          [minmay_the_grid_triangle_9x9_odd_lines,
          minmay_the_grid_triangle_9x9_warning,
          minmay_the_grid_triangle_9x9_tough_junction,
          minmay_the_grid_triangle_9x9_subtriangle,
          minmay_the_grid_triangle_9x9_thin_v,
          minmay_the_grid_triangle_9x9_impossible_snake,
          minmay_the_grid_triangle_9x9_zippers_vertical,
          minmay_the_grid_triangle_9x9_prize_center], layout_irregular_city,
          david_vaults_5, tso_metal_star, uniq_kirke
D:14:     layout_irregular_city, kennysheep_cross_landing, serial_shops,
          nicolae_shop_hallway_plus
D:15:     hangedman_depths_entry_civil_slaughter, layout_gridville,
          minmay_misc_feat_secret_circle
Lair:1:   layout_cave_pods, lemuel_fruit_fields, grunt_megastairs_4,
          uniq_amaemon
Lair:2:   layout_misc_corridors, gauntlet_entry_generic
Lair:3:   layout_gridlike, alex1729_swamp_entry_worm_eleionoma,
          minmay_snake_entry_guardpost_medium, nzn_random_ring
Lair:4:   layout_loops_ring, slime_entry_2, uniq_snorg
Lair:5:   hellmonk_lair_end_abyssal_woods, layout_loops_ring,
          chequers_serial_rivers_micro_a, serial_bayou_pond_d,
          serial_bayou_shore_a
Snake:1:  layout_chambers
Snake:2:  layout_chambers, nicolae_snake_salamander_stairs
Snake:3:  layout_onion, evilmike_ambush [evilmike_ambush_outer_corners,
          evilmike_ambush_inner_wall_2], grunt_megastairs_2, minmay_shop_star
Snake:4:  minmay_snake_end_coiled, layout_misc_corridors,
          portal_ice_cave_entry_ice_simulacra,
          serial_library_hellmonk_long_bookcase, uniq_vashnia
Orc:1:    layout_caves, uniq_maurice, uniq_harold, uniq_erica
Orc:2:    grunt_orc_gardens, layout_caves, grunt_orc_garden, grunt_orc_garden,
          grunt_orc_garden, grunt_orc_garden, serial_shops, nicolae_shop_crystal

Skill      XL: |  1  2  3  4  5  6  7  8  9 10 11 12 13 14 15 16 |
---------------+-------------------------------------------------+-----
Ranged Weapons | 5 6 7 8 9 10 12 13 15 16 17 18 | 18.0
Fighting       | 2 3 4 5 7 8 9 11 | 11.3
Stealth        | 2 3 5 6 8 |  8.0
Throwing       | 1 2 3 4 |  4.0
Invocations    | 1 2 4 5 6 7 8 10 11 | 11.2
Evocations     | 1 3 4 |  4.0
Dodging        | 3 6 8 10 11 | 11.0
Armour         | 1 3 4 |  4.0
Alchemy        | 3 5 7 9 10 | 10.8
Air Magic      | 2 3 |  3.0
Necromancy     | 2 3 |  3.0
Translocations | 5 6 8 |  8.4
Hexes          | 4 8 9 |  9.6
Conjurations   | 2 |  2.4

Action                     |  1- 3 |  4- 6 |  7- 9 | 10-12 | 13-15 | 16-18 || total
---------------------------+-------+-------+-------+-------+-------+-------++-------
  Melee: Orcbow            |       |       |       |     6 |       |       ||     6
   Fire: Shortbow          |   105 |   266 |   220 |       |       |       ||   591
         Orcbow            |       |       |   102 |   900 |  1408 |   465 ||  2875
  Throw: Dart              |       |       |    41 |   112 |    36 |       ||   189
         Throwing net      |       |       |       |     1 |       |       ||     1
   Cast: Apportation       |       |       |       |       |    10 |       ||    10
  Evoke: Wand              |       |       |    11 |     6 |       |       ||    17
    Use: Scroll            |       |       |     6 |     1 |    16 |     4 ||    27
         Potion            |       |       |       |     3 |     1 |       ||     4
 Armour: Robe              |     6 |    20 |    56 |    32 |    38 |    38 ||   190
         Steam dragon scal |       |       |    11 |       |       |       ||    11
         Troll leather arm |       |       |       |   107 |    82 |       ||   189
  Dodge: Dodged            |    19 |    82 |   139 |   372 |   415 |   144 ||  1171

Table legend: (Time is in decaauts)
 A = Elapsed time spent in this place.
 B = Non-inter-level travel time spent in this place.
 C = Inter-level travel time spent in this place.
 D = Time resting spent in this place.
 E = Time spent auto-exploring this place.
 F = Levels seen in this place.
 G = Mean time per level.
                   A        B        C        D        E       F      G
               +--------+--------+--------+--------+--------+-----+--------+
         Total |  22273 |  21192 |   1081 |   3666 |  11814 |  27 |  824.9 |
       Dungeon |  13836 |  13023 |    813 |   2683 |   6871 |  15 |  922.4 |
          Lair |   3446 |   3279 |    167 |     30 |   2144 |   5 |  689.2 |
     Snake Pit |   3355 |   3293 |     62 |    488 |   2177 |   4 |  838.8 |
  Orcish Mines |   1007 |    970 |     37 |    239 |    437 |   2 |  503.5 |
      Gauntlet |    627 |    627 |      0 |    223 |    183 |   1 |  627.0 |
               +--------+--------+--------+--------+--------+-----+--------+

Top non-repeatable levels by time:
     D:8: 1654 daAuts
     D:7: 1515 daAuts
    D:13: 1488 daAuts
     D:4: 1434 daAuts
     D:6: 1313 daAuts
 Snake:1: 1269 daAuts
 Snake:2: 1193 daAuts
     D:9: 1005 daAuts
  Lair:3: 965 daAuts
  Lair:5: 929 daAuts
    D:12: 805 daAuts
    D:15: 781 daAuts
 Snake:3: 753 daAuts
     D:3: 750 daAuts
  Lair:1: 681 daAuts
